 Dungeon Crawl Stone Soup version 0.29.1-12-g30fa7ad0bf (webtiles) character file.

Game seed: 7662769461099864011

6186744 cdecastro the Conqueror (level 27, 218/218 HPs)
             Began as a Gargoyle Earth Elementalist on Dec 16, 2022.
             Was the Champion of Vehumet.
             Escaped with the Orb
             ... and 10 runes on Jan 14, 2023!
             The game lasted 11:32:13 (128533 turns).

cdecastro the Conqueror (GrEE)                    Turns: 128533, Time: 11:32:14

Health: 218/218    AC: 58    Str: 17    XL:     27
Magic:  50/50      EV: 18    Int: 34    God:    Vehumet [******]
Gold:   6141       SH: 22    Dex: 11    Spells: 4/72 levels left

rFire   + + .      SeeInvis .   S - staff of earth
rCold   + + .      Faith    .   p - +1 tower shield of the Guild-Master {rF+ rN+ rCorr Int+3}
rNeg    + + +      Spirit   .   f - +10 pearl dragon scales
rPois   ∞          Reflect  .   (no helmet)
rElec   +          Harm     .   U - scarf {rC+ rF+}
rCorr   +          Rampage  .   n - +0 pair of gloves "Rysamur" {rElec rN+ Will+ Str+3}
Will    ++++.                   l - +3 pair of mountain boots {steadfast, rC+}
Stlth   ..........              K - amulet of magic regeneration
HPRegen 0.46/turn               E - ring of Teunah {Will+ EV+4}
MPRegen 0.72/turn               g - ring of Contentment {Wiz rPois Dex+2}

@: flying, studying Polearms
A: sickness immunity, AC +20, big wings, negative energy resistance 1,
electricity resistance, torment resistance 1, petrification resistance, clever
1, sense surroundings 3, robust 1
0: Orb of Zot
}: 10/15 runes: serpentine, barnacled, slimy, silver, abyssal, demonic, glowing,
magical, fiery, dark
a: Renounce Religion


You escaped.
You worshipped Vehumet.
Vehumet was exalted by your worship.
You visited 13 branches of the dungeon, and saw 57 of its levels.
You visited Pandemonium 3 times, and saw 18 of its levels.
You visited the Abyss 4 times.
You also visited: Trove, Bailey and Ice Cave.

You collected 10997 gold pieces.
You spent 4856 gold pieces at shops.

Inventory:

Hand Weapons
 a - a +9 sacred scourge of holy wrath
 b - the +3 greatsling "Punk" {acid, rCorr}
   (You took it off a yaktaur captain on level 5 of the Vaults)

   Any ammunition fired from it is coated in acid, damaging and corroding those
   it strikes.
   rCorr:     It protects you from acid and corrosion.
 c - the +10 flail of Absolution {speed, Str+4 Dex+6 Stlth+}
   (You took it off a yaktaur captain on level 5 of the Vaults)

   Attacks with this weapon are significantly faster.
   Str:       It affects your strength (+4).
   Dex:       It affects your dexterity (+6).
   Stlth:     It makes you more stealthy.
 k - a +4 demon whip of electrocution
Armour
 f - +10 pearl dragon scales (worn)
 l - the +3 pair of mountain boots (worn) {steadfast, rC+}
   (You bought it in a shop on level 2 of the Orcish Mines)

   It prevents involuntary movement, except for blinking, teleportation, or
   banishment.
   rC:        It protects you from cold.
 n - the +0 pair of gloves "Rysamur" (worn) {rElec rN+ Will+ Str+3}
   (You found it on level 1 of the Snake Pit)

   Str:       It affects your strength (+3).
   rElec:     It insulates you from electricity.
   rN:        It protects you from negative energy.
   Will:      It increases your willpower.
 p - the +1 tower shield of the Guild-Master (worn) {rF+ rN+ rCorr Int+3}
   (You took it off a daeva in Pandemonium)

   Int:       It affects your intelligence (+3).
   rF:        It protects you from fire.
   rN:        It protects you from negative energy.
   rCorr:     It protects you from acid and corrosion.
 R - the +0 helmet of the Valley of Death {Slay+3 SInv}
   (You found it on level 3 of the Snake Pit)

   Slay:      It affects your accuracy & damage with ranged weapons and melee
   (+3).
   SInv:      It lets you see invisible.
 U - a scarf of resistance (worn)
Magical Staves
 S - a staff of earth (weapon)
Jewellery
 g - the ring of Contentment (right hand) {Wiz rPois Dex+2}
   (You took it off a deep elf knight on level 3 of the Elven Halls)

   [ring of wizardry]

   It improves your spell success rate.
   Dex:       It affects your dexterity (+2).
   rPois:     It protects you from poison.
 E - the ring of Teunah (left hand) {Will+ EV+4}
   (You found it in a treasure trove)

   [ring of evasion]

   EV:        It affects your evasion (+4).
   Will:      It increases your willpower.
 K - an amulet of magic regeneration (around neck)
Wands
 I - a wand of iceblast (55)
 J - a wand of digging (1)
 M - a wand of mindburst (49)
 T - a wand of acid (36)
 W - a wand of paralysis (57)
Scrolls
 d - 6 scrolls of silence
 e - 9 scrolls of fog
 h - 8 scrolls of magic mapping
 i - 16 scrolls of blinking
 j - 9 scrolls of fear
 r - 3 scrolls of summoning
 t - 2 scrolls of amnesia
 w - 22 scrolls of teleportation
 y - 2 scrolls of torment
 V - 3 scrolls of immolation
Potions
 m - 42 potions of curing
 o - 9 potions of cancellation
 q - 4 potions of mutation
 s - 4 potions of resistance
 v - 12 potions of lignification
 z - 13 potions of might
 A - 14 potions of brilliance
 B - 4 potions of magic
 L - 12 potions of haste
 O - 19 potions of heal wounds
 P - 10 potions of invisibility
Miscellaneous
 u - a phantom mirror
 x - a phial of floods
 C - a phantom mirror
 D - a phantom mirror
 F - a box of beasts
 G - a lightning rod (4/4)
 H - a phantom mirror
 N - a tin of tremorstones (2/2)
 X - a box of beasts
 Z - a condenser vane


   Skills:
 O Level 27 Fighting
 - Level 14.0 Maces & Flails
 + Level 22.5 Armour
 - Level 15.0 Dodging
 - Level 2.1 Stealth
 - Level 22.0 Shields
 - Level 23.4 Spellcasting
 - Level 22.0 Conjurations
 - Level 0.7 Transmutations
 - Level 24.0 Ice Magic
 - Level 1.2 Air Magic
 - Level 24.0 Earth Magic
 - Level 10.0 Evocations


You had 4 spell levels left.
You knew the following spells:

 Your Spells              Type           Power      Damage    Failure   Level
b - Passwall              Tmut/Erth      92%        N/A       0%          2
c - Lehudib's Crystal Sp  Conj/Erth      69%        10d16     1%          8
d - Spellforged Servitor  Conj/Summ      42%        N/A       2%          7
e - Polar Vortex          Ice            58%        N/A       1%          9
g - Irradiate             Conj/Tmut      43%        3d26      1%          5
h - Iron Shot             Conj/Erth      69%        9d13      1%          6
i - Borgnjor's Vile Clut  Necr/Erth      55%        N/A       1%          5
j - Ozocubu's Refrigerat  Ice            58%        4d20      1%          7
k - Freezing Cloud        Conj/Ice/Air   49%        6-21      1%          5
l - Lee's Rapid Deconstr  Erth           70%        3d33*     0%          5
m - Shatter               Erth           70%        3d52*     1%          9

Your spell library contained the following spells:

 Spells                   Type           Power      Damage    Failure   Level
 Fire Storm               Conj/Fire      42%        8d11      89%         9
 Ignition                 Fire           19%        3d7       100%        8
 Freeze                   Ice            100%       1d11      0%          1
 Magic Dart               Conj           100%       1d8       0%          1
 Sandblast                Erth           100%       2d20      0%          1
 Shock                    Conj/Air       100%       1d9       0%          1
 Searing Ray              Conj           100%       2d8       0%          2
 Frozen Ramparts          Ice            100%       1d16      0%          3
 Stone Arrow              Conj/Erth      100%       3d13      0%          3
 Hailstorm                Conj/Ice       100%       3d20      0%          4
 Apportation              Tloc           78%        N/A       1%          1
 Necrotise                Necr           100%       1d9       1%          1
 Sting                    Tmut/Pois      100%       1d8       1%          1
 Summon Small Mammal      Summ           100%       N/A       1%          1
 Blink                    Tloc           78%        N/A       1%          2
 Call Imp                 Summ           39%        N/A       1%          2
 Ensorcelled Hibernation  Hex/Ice        100%       N/A       1%          2
 Poisonous Vapours        Pois/Air       88%        N/A       1%          2
 Scorch                   Fire           78%        2d8       1%          2
 Static Discharge         Conj/Air       87%        3-14/arc  1%          2
 Wereblood                Tmut           44%        N/A       1%          2
 Conjure Flame            Conj/Fire      85%        6-21      1%          3
 Inner Flame              Hex/Fire       39%        N/A       1%          3
 Mephitic Cloud           Conj/Pois/Air  75%        N/A       1%          3
 Swiftness                Air            48%        N/A       1%          3
 Airstrike                Air            24%        2d(4-20)  1%          4
 Animate Armour           Summ/Erth      100%       N/A       1%          4
 Flame Wave               Conj/Fire      85%        2d18      1%          4
 Fulminant Prism          Conj/Hex       42%        3d20      1%          4
 Ice Form                 Ice/Tmut       89%        N/A       1%          4
 Iskenderun's Mystic Bla  Conj/Tloc      85%        2d17      1%          4
 Leda's Liquefaction      Hex/Erth       55%        N/A       1%          4
 Petrify                  Tmut/Erth      100%       N/A       1%          4
 Sticky Flame             Conj/Fire      85%        2d10      1%          4
 Summon Ice Beast         Ice/Summ       88%        N/A       1%          4
 Spider Form              Tmut/Pois      42%        N/A       2%          3
 Call Canine Familiar     Summ           39%        N/A       3%          3
 Confusing Touch          Hex            39%        N/A       3%          3
 Gell's Gravitas          Tloc           39%        N/A       3%          3
 Lesser Beckoning         Tloc           39%        N/A       3%          3
 Portal Projectile        Hex/Tloc       78%        N/A       3%          3
 Summon Guardian Golem    Hex/Summ       39%        N/A       3%          3
 Teleport Other           Tloc           39%        N/A       3%          3
 Tukima's Dance           Hex            39%        N/A       3%          3
 Olgreb's Toxic Radiance  Pois           39%        N/A       3%          4
 Summon Lightning Spire   Summ/Air       44%        N/A       8%          4
 Corpse Rot               Necr/Pois/Air  42%        N/A       9%          4
 Anguish                  Hex/Necr       19%        N/A       10%         4
 Cause Fear               Hex            19%        N/A       10%         4
 Dispel Undead            Necr           39%        3d16      10%         4
 Passage of Golubria      Tloc           39%        N/A       10%         4
 Iskenderun's Battlesphe  Conj           100%       2d15      0%          5
 Fireball                 Conj/Fire      42%        3d17      1%          5
 Lightning Bolt           Conj/Air       43%        1d63      1%          5
 Conjure Ball Lightning   Conj/Air       43%        3x3d15    1%          6
 Simulacrum               Ice/Necr       44%        N/A       1%          6
 Starburst                Conj/Fire      42%        6d12      1%          6
 Yara's Violent Unravell  Hex/Tmut       21%        3d10      7%          5
 Blade Hands              Tmut           22%        N/A       21%         5
 Silence                  Hex/Air        22%        N/A       21%         5
 Alistair's Intoxication  Tmut/Pois      28%        N/A       24%         5
 Agony                    Necr           39%        N/A       26%         5
 Manifold Assault         Tloc           39%        N/A       26%         5
 Summon Mana Viper        Hex/Summ       39%        N/A       26%         5
 Eringya's Noxious Bog    Tmut/Pois      21%        N/A       30%         6
 Death Channel            Necr           19%        N/A       80%         6
 Dispersal                Tloc           19%        N/A       80%         6
 Summon Cactus Giant      Summ           19%        N/A       80%         6
 Dragon Form              Tmut           22%        N/A       99%         7
 Storm Form               Tmut/Air       23%        N/A       99%         7
 Maxwell's Capacitive Co  Air            24%        ∞         99%         8
 Enfeeble                 Hex            19%        N/A       100%        7
 Haunt                    Necr/Summ      19%        N/A       100%        7
 Malign Gateway           Summ/Tloc      19%        N/A       100%        7
 Monstrous Menagerie      Summ           19%        N/A       100%        7
 Summon Hydra             Summ           19%        N/A       100%        7
 Borgnjor's Revivificati  Necr           19%        N/A       100%        8
 Discord                  Hex            19%        N/A       100%        8
 Disjunction              Tloc           19%        N/A       100%        8
 Infestation              Necr           19%        N/A       100%        8
 Necromutation            Tmut/Necr      21%        N/A       100%        8
 Death's Door             Necr           19%        N/A       100%        9
 Sublimation of Blood     Necr           Unusable   N/A       N/A         2
 Statue Form              Tmut/Erth      Unusable   N/A       N/A         6

Dungeon Overview and Level Annotations

Branches:
Dungeon (15/15)            Temple (1/1) D:5            Lair (5/5) D:9
 Shoals (4/4) Lair:2        Snake (4/4) Lair:3        Slime (5/5) Lair:4
    Orc (2/2) D:11            Elf (3/3) Orc:2        Vaults (5/5) D:14
  Crypt (3/3) Vaults:2       Tomb (0/3) Crypt:3      Depths (4/4) D:15
   Hell (visited)             Dis (0/7) Hell            Geh (0/7) Hell
    Coc (0/7) Hell            Tar (0/7) Hell            Zot (5/5) Depths:4
 Bailey (visited)           IceCv (visited)

Altars:
Ashenzari
Cheibriados
Dithmenos
Elyvilon
Fedhas
Gozag
Hepliaklqana
Kikubaaqudgha
Makhleb
Nemelex Xobeh
Okawaru
Qazlal
Ru
Sif Muna
Trog
Uskayaw
Vehumet
Wu Jian
Xom
Yredelemnul
Zin
The Shining One
Jiyva

Shops:
D:4 [   D:9 *   D:12 =   Orc:2 *(:[   Elf:2 (   Elf:3 *   Snake:3 (*[=
Vaults:1 :?[   Vaults:2 :   Zot:1 **   Depths:1 *   Depths:3 (

Portals:
Hell: Depths:1 Depths:2* Depths:3 Depths:4
Abyss: Depths:3 Depths:4
Pandemonium: Depths:1 Depths:2
Ziggurat: Depths:3


Innate Abilities, Weirdness & Mutations

You are immune to sickness and miasma.
Your stone body is resilient. (AC +20)
You are immune to poison.
Your large and strong wings let you fly.
You resist negative energy. (rN+)
You are resistant to electric shocks. (rElec)
You are resistant to unholy torment.
You are immune to petrification.
Your mind is acute. (Int +4, Str/Dex -1)
You passively map a large area around you.
You are robust. (+10% HP)


Message History

There is a stone staircase leading down here.
The winds around you calm down.
Things that are here:
a +0 leather armour; a +0 flail
There is a stone staircase leading up here.
You fly upwards.
There is a stone staircase leading down here.
Unknown command.
Unknown command.
Aiming: Dig
Press: ? - help, Shift-Dir - straight line A rock wall.
This square is covered in magical glow.
The rock shatters into small pieces.
There is a stone staircase leading up here.
You fly upwards.
There is a stone staircase leading down here.
There is an open door here.
There is a stone staircase leading up here.
You fly upwards.
There is a stone staircase leading down here.
Okay, then.
Unknown command.
Aiming: Dig
Press: ? - help, Shift-Dir - straight line A rock wall.
This square is covered in magical glow.
The rock shatters into small pieces.
There is an open door here.
Aiming: Dig
Press: ? - help, Shift-Dir - straight line A rock wall.
This square is covered in magical glow.
The rock shatters into small pieces.
Unknown command.
You see here 8 stones.
There is an escape hatch in the floor here.
You see here 4 stones.
There is a staircase leading out of the dungeon here.
You have escaped!

#.≈≈(≈≈.#
#.≈≈>≈≈.#
#.≈≈(≈≈.#
#.≈≈≈§≈.#
#..≈≈§..#
#.......#
#.......#
#.......#
##..@..##
#######


There were no monsters in sight!

Vanquished Creatures
  Cerebov (Pan)
  the Royal Jelly (Slime:5)
  Gloorx Vloq (Pan)
  A seraph (Pan)
  Mnoleg (Pan)
  Lom Lobon (Pan)
  4 dread liches
  6 orbs of fire
  3 ancient liches
  7 pandemonium lords (Pan)
  A juggernaut (Depths:3)
  Parghit (Depths:4)
  9 Killer Klowns
  Geryon (Hell)
  5 curse toes
  16 golden dragons
  Vashnia (Snake:4)
  A profane servitor (Abyss:3)
  A caustic shrike (Depths:3)
  the Enchantress (Depths:1)
  2 pearl dragons (Pan)
  7 Tzitzimimeh (Pan)
  3 electric golems
  3 Brimstone Fiends
  9 Hell Sentinels
  Mlioglotl (Lair:3)
  Zenata (Vaults:3)
  18 tentacled monstrosities
  Jorgrun (Shoals:2)
  24 Orb Guardians
  Rupert (D:13)
  2 Ice Fiends (Pan)
  3 liches
  6 titans (Vaults:5)
  A walking earthen tome (Depths:4)
  2 deep elf blademasters (Elf:3)
  6 quicksilver dragons
  2 walking frostbound tomes (Depths:4)
  18 acid blobs
  Asterion (Elf:3)
  2 deep elf master archers (Elf:3)
  5 ancient champions
  Polyphemus (Shoals:2)
  22 Executioners
  10 sphinxes
  7 tentacled starspawn (Abyss:3)
  11 storm dragons
  2 tengu reavers (Vaults:5)
  10 death cobs
  12 shadow dragons
  2 draconian monks
  The ghost of Xuokk the Corrupter of Planes, an adept DsAK of Lugonu (Snake:1)
  3 nagarajas
  Roxanne (Elf:1)
  11 rockslimes
  Ilsuiw (Shoals:2)
  5 revenants
  4 demonspawn warmongers (Pan)
  Kirke (Shoals:3)
  The ghost of Eschuoni the Severer, a journeyman HOFi of Okawaru (Shoals:2)
  5 draconian knights
  27 daevas (Pan)
  15 azure jellies
  6 fire giants
  18 vault wardens
  18 cacodemons
  8 deep elf sorcerers
  2 iron dragons
  3 orc warlords
  17 balrugs
  6 ghost moths
  13 frost giants
  6 draconian scorchers
  3 ghouls (Crypt:2)
  5 deep elf elementalists (Elf:3)
  39 angels (Pan)
  3 draconian stormcallers
  5 draconian shifters
  8 demonspawn blood saints (Pan)
  4 spriggan defenders
  34 very ugly things
  30 ironbound preservers
  3 curse skulls
  14 quicksilver oozes
  17 stone giants
  8 reapers
  13 vampire knights
  A caustic shrike skeleton (Crypt:1)
  16 demonspawn corrupters
  2 war gargoyles
  2 draconian annihilators
  23 lorocyprocas
  7 green draconians
  4 deep elf demonologists
  6 ironbound thunderhulks
  11 demonspawn black suns
  7 black draconians
  The ghost of Afruuf the Cleaver, a journeyman PaFi of Ashenzari (D:14)
  17 ophanim (Pan)
  9 purple draconians
  A spark wasp (shapeshifter) (Vaults:5)
  15 deep elf annihilators
  21 apis (Pan)
  20 spark wasps
  20 yellow draconians
  9 white draconians
  4 eidola
  12 red draconians
  14 dire elephants
  12 blizzard demons
  3 merfolk javelineers
  7 deep elf death magi
  19 green deaths (Pan)
  14 ettins
  9 merfolk impalers
  A crystal guardian (Vaults:3)
  8 jiangshi
  7 fire dragons
  An ettin (shapeshifter) (Depths:3)
  8 great orbs of eyes
  15 yaktaur captains
  7 ice dragons
  5 boulder beetles
  10 deep elf high priests
  7 hell beasts
  5 rakshasas
  35 vault guards
  Harold (D:9)
  2 quicksilver dragon skeletons
  A peacekeeper (Vaults:3)
  9 hydras
  5 spriggan air magi
  3 catoblepae
  8 merfolk aquamancers
  18 centaur warriors
  5 salamander tyrants (Snake:4)
  5 merfolk avatars
  4 spriggan skeletons
  2 alligators (shapeshifter)
  12 anacondas
  18 naga warriors
  A death knight (Crypt:1)
  An alligator snapping turtle (Shoals:4)
  5 two-headed ogres
  24 dancing weapons
  A fenstrider witch skeleton (Pan)
  7 ironbound frosthearts
  6 satyrs
  4 deep troll shamans
  6 hell hogs
  8 tengu warriors
  11 vampire magi
  The ghost of hawla the Thaumaturge, a novice MeIE (D:7)
  13 shock serpents
  A thrashing horror (Abyss:3)
  4 spriggan berserkers
  A titan zombie (Crypt:3)
  14 death yaks
  20 deep elf knights
  Urug (Orc:1)
  53 sun demons
  3 holy swine (Pan)
  11 deep troll earth magi
  An orc high priest (Orc:2)
  21 naga sharpshooters
  A storm dragon zombie (Crypt:3)
  44 soul eaters
  16 hell knights
  10 salamander mystics
  4 wretched stars (Abyss:3)
  Nergalle (Orc:1)
  2 shock serpents (shapeshifter)
  A titan skeleton (Crypt:1)
  A golden dragon zombie (Crypt:3)
  14 shadow wraiths
  2 bunyip zombies (Crypt:3)
  2 iron trolls (Depths:3)
  9 skeletal warriors
  A spatial maelstrom (Abyss:3)
  28 sixfirhies
  84 deep trolls
  9 sea snakes
  An orange crystal statue (IceCv)
  6 glowing orange brains
  14 naga ritualists
  2 bog bodies (Crypt:2)
  An anaconda zombie (Crypt:3)
  20 shadow demons
  26 cherubim (Pan)
  An anaconda skeleton (Pan)
  9 deep elf archers
  6 flayed ghosts
  Pikel (D:6)
  22 phantasmal warriors
  A swamp dragon (shapeshifter) (Vaults:5)
  2 obsidian statues
  A sphinx zombie (Vaults:4)
  A spriggan simulacrum (Crypt:1)
  22 harpies
  13 wizards
  21 ironbound convokers
  23 mana vipers
  16 necromancers
  8 lindwurms
  A bunyip skeleton (Crypt:3)
  30 deep elf pyromancers
  25 deep elf zephyrmancers
  4 orc sorcerers
  10 orc knights
  A cyclops (shapeshifter) (Depths:3)
  8 cyclopes
  14 manticores
  38 ugly things
  3 oklob plants (Zot:4)
  A moth of wrath (shapeshifter) (Depths:3)
  26 moths of wrath
  21 salamanders
  A salamander (shapeshifter) (Vaults:5)
  8 shining eyes
  6 fauns
  A fire giant zombie (Vaults:1)
  A fire giant skeleton (Vaults:4)
  An ice statue (Snake:3)
  4 guardian serpents
  2 dire elephant zombies
  A stone giant skeleton (Vaults:4)
  An elephant (shapeshifter) (Depths:4)
  9 elephants
  8 rust devils
  Maurice (Orc:2)
  19 naga magi
  4 eyes of devastation
  A centaur zombie (Crypt:3)
  15 vault sentinels
  11 merfolk sirens
  6 water nymphs
  2 gargoyles (D:12)
  51 smoke demons
  56 black mambas
  A torpor snail (Lair:3)
  3 unseen horrors
  A centaur skeleton (Pan)
  3 molten gargoyles (Hell)
  30 orange demons
  15 demonic crawlers (Pan)
  4 hellions
  A dire elephant skeleton (Crypt:1)
  9 cane toads
  4 rime drakes
  10 komodo dragons
  34 yaktaurs
  11 efreet
  An alligator snapping turtle skeleton (Pan)
  5 kobold demonologists
  2 komodo dragons (shapeshifter) (Depths:3)
  5 red devils
  5 ice devils
  4 tormentors
  3 tengu conjurers
  A purple draconian skeleton (Crypt:2)
  2 yaktaur skeletons (Vaults:4)
  5 freezing wraiths
  16 hellwings
  27 merfolk
  A white draconian skeleton (Crypt:3)
  A harpy zombie (Crypt:1)
  A merfolk (shapeshifter) (D:12)
  6 ancient zymes (Abyss:3)
  12 trolls
  3 meliai (D:15)
  A troll (shapeshifter) (Depths:3)
  3 meliai (shapeshifter)
  5 wind drakes
  A tarantella (shapeshifter) (Depths:3)
  10 hornets
  5 polar bears
  88 slime creatures
  A polar bear (shapeshifter) (Depths:3)
  An ettin zombie (Vaults:1)
  A mana viper skeleton (Crypt:2)
  8 raiju (Abyss:3)
  9 dream sheep
  15 blink frogs
  A guardian serpent zombie (Crypt:3)
  7 snapping turtles
  A dream sheep (shapeshifter) (Depths:3)
  A human simulacrum (Vaults:4)
  An ettin skeleton (Crypt:2)
  A jumping spider (shapeshifter) (Depths:3)
  A frost giant simulacrum (Vaults:4)
  7 air elementals
  A centaur simulacrum (D:15)
  6 spriggans
  30 ynoxinuls
  5 shadows
  4 wraiths
  2 naga simulacra
  A fire elemental (Elf:3)
  6 wyverns
  14 water elementals
  47 yaks
  12 vampires
  A yak (shapeshifter) (Vaults:5)
  A black mamba skeleton (Pan)
  An elf skeleton (Vaults:1)
  A human (Shoals:3)
  9 basilisks
  A wind drake skeleton (Crypt:2)
  5 golden eyes
  A yaktaur simulacrum (Vaults:1)
  29 chaos spawn
  4 steam dragons
  37 large abominations
  A redback (shapeshifter) (Depths:4)
  47 neqoxecs
  12 vampire mosquitoes
  A spatial vortex (Abyss:3)
  An acid dragon (shapeshifter) (Elf:3)
  3 naga zombies
  5 acid dragons
  Duvessa (D:7)
  38 nagas
  2 wargs
  9 hell hounds
  A nameless horror (Pan)
  11 water moccasins
  5 floating eyes
  36 orc warriors
  4 ice beasts
  4 sky beasts
  A fire bat skeleton (Crypt:1)
  A black bear (D:6)
  2 great orb of eyes simulacra (IceCv)
  9 ogres
  A black bear (shapeshifter) (Elf:3)
  10 starcursed masses (Abyss:3)
  16 wolves
  A boggart (D:12)
  11 centaurs
  4 slime creature simulacra (IceCv)
  2 lemures (D:7)
  5 kobold brigands
  A yaktaur zombie (Crypt:1)
  Blork the orc (Orc:2)
  10 bullfrogs
  A human zombie (Vaults:4)
  A scorpion (D:5)
  A gnoll sergeant (D:10)
  2 necrophages
  An earth elemental (Elf:3)
  2 glowing shapeshifter simulacra (IceCv)
  9 small abominations (Abyss:3)
  5 wights (D:9)
  Dowan (D:7)
  A shapeshifter zombie (Crypt:1)
  A troll zombie (Crypt:3)
  2 howler monkeys
  2 electric eels (Lair:3)
  4 quasits
  A hound (D:6)
  13 jellies (Zot:4)
  Crazy Yiuf (D:7)
  24 orc priests
  2 gnoll boudas
  An iron imp (Abyss:3)
  4 iguanas
  36 orc wizards
  4 hell rats (Lair:1)
  A boggart skeleton (Crypt:3)
  A hound zombie (Crypt:2)
  12 gnolls
  9 adders
  A shadow imp (D:6)
  3 white imps
  An adder skeleton (Crypt:1)
  4 dart slugs
  3 worms
  81 orcs
  6 bats
  An endoplasm (shapeshifter) (Vaults:5)
  3 endoplasms
  A giant cockroach (D:2)
  7 goblins
  8 hobgoblins
  4 jackals (D:1)
  3 quokkas (D:1)
  3 ball pythons
  An endoplasm zombie (Crypt:2)
  A frilled lizard (shapeshifter) (Depths:3)
  4 frilled lizards
  17 kobolds
  5 rats
  2 starspawn tentacles (Abyss:3)
3328 creatures vanquished.

Vanquished Creatures (collateral kills)
  The ghost of Pongem the Conqueror, a legendary MiAK of Lugonu (Zot:1)
  A golden dragon (Zot:5)
  Jory (Crypt:3)
  2 Tzitzimimeh (Pan)
  A tentacled monstrosity (Zot:4)
  A Hell Sentinel (Pan)
  An Orb Guardian (Zot:5)
  9 acid blobs
  2 tentacled starspawn (Abyss:3)
  8 Executioners (Pan)
  An ancient champion (Crypt:2)
  A death cob (Zot:4)
  3 storm dragons
  18 daevas (Pan)
  4 azure jellies
  2 demonspawn warmongers (Pan)
  A draconian knight (Zot:3)
  A deep elf sorcerer (Abyss:3)
  4 balrugs
  2 cacodemons
  An iron dragon (Hell)
  A draconian stormcaller (Zot:5)
  A curse skull (Crypt:1)
  3 reapers
  42 angels (Pan)
  4 draconian annihilators
  3 demonspawn blood saints (Pan)
  A quicksilver ooze (Slime:4)
  A war gargoyle (Hell)
  33 apis (Pan)
  21 ophanim (Pan)
  3 vampire knights (Crypt:3)
  A green draconian (Zot:3)
  A black draconian (Zot:5)
  2 white draconians (Zot:3)
  A purple draconian (Zot:3)
  3 demonspawn black suns (Pan)
  2 yellow draconians (Zot:4)
  A lorocyproca (Pan)
  A red draconian (Zot:3)
  An eidolon (Crypt:2)
  3 blizzard demons (Pan)
  4 green deaths
  A jiangshi (Crypt:3)
  A great orb of eyes (Slime:4)
  A quicksilver dragon skeleton (Crypt:2)
  A death knight (Crypt:3)
  5 dancing weapons (Crypt:3)
  A hell hog (Hell)
  2 thrashing horrors (Abyss:3)
  3 vampire magi (Crypt:3)
  A hell knight (Hell)
  4 soul eaters
  A storm dragon zombie (Crypt:2)
  20 sun demons
  A skeletal warrior (Crypt:2)
  8 sixfirhies
  A titan skeleton (Crypt:1)
  A bunyip zombie (Crypt:3)
  11 cherubim (Pan)
  An anaconda zombie (Hell)
  3 golden dragon zombies (Crypt:3)
  A glowing orange brain (Pan)
  A bog body (Crypt:2)
  4 starcursed masses (Abyss:3)
  A wizard (Pan)
  An iron giant skeleton (Hell)
  6 shadow demons (Pan)
  A ghost moth zombie (Crypt:1)
  A golden dragon skeleton (Pan)
  4 phantasmal warriors
  A shadow dragon skeleton (Crypt:2)
  An ugly thing (Pan)
  A shining eye (Slime:4)
  An iron dragon skeleton (Hell)
  A fire giant skeleton (Crypt:2)
  2 rust devils
  4 orange demons
  A naga zombie (Crypt:3)
  15 smoke demons
  An eye of devastation (Slime:5)
  A hellion (Pan)
  A centaur skeleton (Abyss:3)
  5 demonic crawlers (Pan)
  A catoblepas zombie (Crypt:2)
  An ancient zyme (Abyss:3)
  A red devil (Pan)
  2 ice devils
  3 hellwings (Pan)
  14 slime creatures
  A hydra skeleton (Crypt:3)
  5 raiju (Abyss:3)
  10 vampires (Crypt:3)
  A wraith (Crypt:1)
  10 chaos spawn
  A neqoxec (Pan)
  21 large abominations
  2 small abominations (Abyss:3)
  2 necrophages (Crypt:2)
  2 jellies (Zot:4)
  A black bear zombie (Crypt:1)
  A basilisk skeleton (Crypt:2)
  A sky beast zombie (Crypt:3)
  A tengu skeleton (Crypt:3)
  A white imp (Abyss:3)
  4 starspawn tentacles (Abyss:3)
406 creatures vanquished.

Vanquished Creatures (others)
  A wretched star (Abyss:3)
  A will-o-the-wisp (Abyss:3)
  A raiju (Abyss:3)
  2 humans (Shoals:3)
  A naga (Snake:1)
  A jelly (Zot:4)
  2 foxfires (Abyss:3)
  61 fungi
  150 plants
  10 starspawn tentacles (Abyss:3)
  2 withered plants
232 creatures vanquished.

Grand Total: 3966 creatures vanquished

Notes
Turn   | Place    | Note
-------+----------+-------------------------------------------
     0 | D:1      | cdecastro the Gargoyle Earth Elementalist began the quest
                  | for the Orb.
     0 | D:1      | Reached XP level 1. HP: 10/10 MP: 3/3
   191 | D:1      | Reached XP level 2. HP: 11/15 MP: 1/5
   810 | D:1      | Reached XP level 3. HP: 19/19 MP: 4/6
   813 | D:1      | Reached skill level 5 in Earth Magic
  1659 | D:2      | Reached XP level 4. HP: 24/24 MP: 4/7
  1822 | D:2      | You fall into a shaft and drop 2 floors!
  2034 | D:3      | Learned a level 2 spell: Passwall
  2038 | D:3      | Learned a level 3 spell: Stone Arrow
  2225 | D:2      | Found a faded altar of an unknown god.
  2751 | D:3      | Reached XP level 5. HP: 28/28 MP: 6/8
  3122 | D:3      | Reached skill level 1 in Conjurations
  3411 | D:4      | Reached XP level 6. HP: 32/32 MP: 5/9
  3642 | D:4      | Found Qaykh's Antique Armour Emporium.
  3874 | D:4      | Found an ornate altar of the Wu Jian Council.
  3874 | D:4      | Found a glowing silver altar of Zin.
  3942 | D:5      | Entered Level 5 of the Dungeon
  4016 | D:5      | Found a staircase to the Ecumenical Temple.
  4023 | Temple   | Entered the Ecumenical Temple
  4052 | Temple   | Became a worshipper of Vehumet
  4254 | D:5      | Reached skill level 5 in Conjurations
  4258 | D:5      | Reached XP level 7. HP: 15/36 MP: 3/10
  4943 | D:5      | Learned a level 3 spell: Mephitic Cloud
  5005 | D:6      | Identified the +10 dagger "Renur" {flame, rPois Will++
                  | rCorr Str-5}
  5130 | D:6      | Found a shadowy altar of Dithmenos.
  5396 | D:6      | Reached XP level 8. HP: 22/41 MP: 7/13
  5751 | D:6      | Reached skill level 5 in Spellcasting
  5804 | D:6      | Reached * piety under Vehumet
  5804 | D:6      | Offered knowledge of Freeze by Vehumet.
  5807 | D:6      | Learned a level 1 spell: Freeze
  5946 | D:6      | Noticed a hornet
  6034 | D:6      | Killed a hornet
  6231 | D:6      | Reached XP level 9. HP: 45/45 MP: 14/20
  6288 | D:6      | Noticed a deep elf zephyrmancer
  6300 | D:6      | Killed a deep elf zephyrmancer
  6527 | D:7      | Noticed Duvessa
  6527 | D:7      | Noticed Dowan
  6546 | D:7      | Killed Duvessa
  6621 | D:7      | Killed Dowan
  6705 | D:7      | Found a flagged portal.
  6716 | Bailey   | Entered a bailey
  6821 | Bailey   | Noticed an orc knight
  6923 | Bailey   | Killed an orc knight
  6924 | Bailey   | Reached skill level 10 in Spellcasting
  6924 | Bailey   | Reached skill level 2 in Fighting
  7024 | Bailey   | Found a large runed translucent door.
  7024 | Bailey   | Found a large runed translucent door.
  7025 | Bailey   | Noticed a deep elf pyromancer
  7069 | Bailey   | Killed a deep elf pyromancer
  7070 | Bailey   | Reached skill level 4 in Fighting
  7070 | Bailey   | Reached XP level 10. HP: 56/56 MP: 18/24
  7089 | Bailey   | Got the Teachings on the Quarry
  7399 | D:7      | Noticed Pikel
  7622 | D:6      | Killed Pikel
  7622 | D:6      | Offered knowledge of Poisonous Vapours by Vehumet.
  7706 | D:6      | Learned a level 2 spell: Poisonous Vapours
  7812 | D:7      | Reached ** piety under Vehumet
  7920 | D:7      | Found a runed translucent door.
  7921 | D:7      | Noticed Crazy Yiuf
  7955 | D:7      | Found a transporter.
  7957 | D:7      | Noticed hawla's ghost (novice MeIE)
  8267 | D:7      | Killed Crazy Yiuf
  8323 | D:7      | Found a transporter.
  8638 | D:8      | Identified the +3 mace of the Spinneret {holy, Fly rElec
                  | rPois Str-3}
  9462 | D:9      | Found Guhix's Elemental Accessories.
  9475 | D:9      | Reached skill level 10 in Conjurations
  9557 | D:9      | Reached skill level 5 in Fighting
  9766 | D:9      | Offered knowledge of Scorch by Vehumet.
  9817 | D:9      | Found a staircase to the Lair.
  9848 | D:9      | Reached skill level 6 in Fighting
  9951 | D:9      | Noticed Harold
 10388 | D:9      | Killed Harold
 10389 | D:9      | Reached skill level 8 in Fighting
 10389 | D:9      | Reached XP level 11. HP: 51/68 MP: 7/25
 10506 | D:10     | Entered Level 10 of the Dungeon
 10550 | D:10     | Reached *** piety under Vehumet
 10842 | D:10     | Identified the +4 ring mail of the Hills {Regen+ Dex+4}
 11403 | D:11     | Reached skill level 9 in Fighting
 11685 | D:11     | Offered knowledge of Inner Flame by Vehumet.
 11688 | D:11     | Reached skill level 10 in Fighting
 11957 | D:11     | Found a staircase to the Orcish Mines.
 12299 | D:11     | Noticed a two-headed ogre
 12307 | D:11     | Killed a two-headed ogre
 12957 | D:11     | Learned a level 5 spell: Irradiate
 12964 | D:11     | Learned a level 6 spell: Iron Shot
 13164 | D:12     | Noticed a cyclops
 13175 | D:12     | Killed a cyclops
 13213 | D:12     | Found Sojec's Jewellery Shoppe.
 13216 | D:12     | Bought an amulet of magic regeneration for 420 gold pieces
 13216 | D:12     | Bought a ring of see invisible for 210 gold pieces
 13278 | D:12     | Noticed a two-headed ogre
 13285 | D:12     | Killed a two-headed ogre
 13286 | D:12     | Reached XP level 12. HP: 70/77 MP: 9/26
 13406 | D:12     | Noticed a soul eater
 13417 | D:12     | Noticed a two-headed ogre
 13520 | D:11     | Reached **** piety under Vehumet
 13650 | D:12     | HP: 1/77 [vampire (3)]
 14030 | D:12     | Killed a two-headed ogre
 14030 | D:12     | Offered knowledge of Sticky Flame by Vehumet.
 14716 | D:12     | Noticed a boulder beetle
 15143 | D:12     | Noticed a two-headed ogre
 15166 | D:12     | Killed a two-headed ogre
 15173 | D:12     | Learned a level 5 spell: Borgnjor's Vile Clutch
 15460 | D:12     | Reached skill level 10 in Earth Magic
 15569 | D:12     | Noticed a boulder beetle
 15584 | D:12     | Killed a boulder beetle
 16492 | D:12     | Reached XP level 13. HP: 80/82 MP: 25/27
 17242 | D:13     | Noticed Rupert
 17248 | D:13     | Killed Rupert
 17248 | D:13     | Reached ***** piety under Vehumet
 17878 | D:13     | Reached skill level 15 in Earth Magic
 18239 | D:14     | Offered knowledge of Iskenderun's Mystic Blast by Vehumet.
 18301 | D:14     | Found a transporter.
 18657 | D:14     | Noticed Afruuf's ghost (journeyman PaFi)
 18669 | D:14     | Found a transporter.
 18802 | D:14     | Found a gate to the Vaults.
 18802 | D:14     | Noticed a rakshasa
 18802 | D:14     | Noticed a vault guard
 18802 | D:14     | Noticed a vault guard
 18802 | D:14     | Noticed a vault guard
 18802 | D:14     | Noticed a vault guard
 18983 | D:13     | Killed a vault guard
 19228 | D:14     | Killed a vault guard
 19583 | D:14     | Killed a vault guard
 19653 | D:14     | Gained mutation: Your large and strong wings let you fly.
                  | [Gargoyle growth]
 19653 | D:14     | Reached XP level 14. HP: 88/88 MP: 17/28
 20114 | D:15     | Entered Level 15 of the Dungeon
 20658 | D:15     | Found a staircase to the Depths.
 20661 | D:15     | Noticed a fire giant
 20676 | D:15     | Killed a fire giant
 21188 | D:15     | Found a basalt altar of Yredelemnul.
 21941 | D:4      | Bought a runed robe for 81 gold pieces
 22107 | D:7      | Killed hawla's ghost
 22212 | Orc:1    | Entered Level 1 of the Orcish Mines
 22586 | Orc:2    | Entered Level 2 of the Orcish Mines
 22587 | Orc:2    | Noticed Maurice
 22721 | Orc:2    | Killed Maurice
 23160 | Orc:2    | Noticed an orc warlord
 23190 | Orc:2    | Killed an orc warlord
 23282 | Orc:2    | Noticed Nergalle
 23282 | Orc:2    | Noticed Urug
 23342 | Orc:1    | Killed Urug
 23370 | Orc:1    | Killed Nergalle
 23520 | Orc:2    | Noticed Blork the orc
 23531 | Orc:2    | Killed Blork the orc
 23749 | Orc:2    | Found Soffonung's Book Boutique.
 23781 | Orc:2    | Offered knowledge of Ozocubu's Refrigeration by Vehumet.
 23845 | Orc:2    | Found a staircase to the Elven Halls.
 23876 | Orc:2    | Found Getteinge's Antique Weapon Boutique.
 24158 | Orc:2    | Found Ukut Eru's General Store.
 24164 | Orc:2    | Bought a scroll of teleportation for 33 gold pieces
 24172 | Orc:2    | Found Ujiadol's Antique Armour Boutique.
 24887 | Orc:2    | Bought the +3 pair of mountain boots {steadfast, rC+} for
                  | 1072 gold pieces
 24887 | Orc:2    | Found the +3 pair of mountain boots {steadfast, rC+}
 25018 | Lair:1   | Entered Level 1 of the Lair of Beasts
 25029 | D:9      | Learned a level 7 spell: Ozocubu's Refrigeration
 25488 | Lair:1   | Reached skill level 1 in Armour
 25958 | Lair:2   | Reached XP level 15. HP: 91/92 MP: 14/32
 25959 | Lair:2   | Found a staircase to the Shoals.
 26078 | Lair:2   | Reached skill level 5 in Armour
 26853 | Lair:3   | Offered knowledge of Freezing Cloud by Vehumet.
 26864 | Lair:3   | Learned a level 5 spell: Freezing Cloud
 26996 | Lair:3   | Reached skill level 5 in Dodging
 27119 | Lair:3   | Found a staircase to the Snake Pit.
 28375 | Lair:4   | Found a viscous altar of Jiyva.
 28375 | Lair:4   | Found a staircase to the Slime Pits.
 28611 | Lair:4   | Identified the +9 rapier of Hacking and Slashing {flame,
                  | rF++}
 29032 | Lair:5   | Entered Level 5 of the Lair of Beasts
 29114 | Lair:5   | Offered knowledge of Lee's Rapid Deconstruction by Vehumet.
 29322 | Lair:5   | Reached skill level 15 in Spellcasting
 29545 | Lair:5   | Reached XP level 16. HP: 97/97 MP: 13/35
 30356 | Lair:5   | Learned a level 5 spell: Lee's Rapid Deconstruction
 30886 | Snake:1  | Entered Level 1 of the Snake Pit
 31050 | Snake:1  | Noticed Mlioglotl
 31240 | Lair:3   | Killed Mlioglotl
 31382 | Snake:1  | Found a transporter.
 31382 | Snake:1  | Noticed Xuokk's ghost (adept DsAK)
 31792 | Snake:1  | Found a transporter.
 31808 | Snake:1  | Offered knowledge of Conjure Ball Lightning by Vehumet.
 32667 | Snake:2  | Identified the +7 longbow of No Interval {vorpal, *Slow
                  | Dex+7}
 33146 | Snake:2  | Noticed a nagaraja
 33152 | Snake:2  | Killed a nagaraja
 33191 | Snake:2  | Reached XP level 17. HP: 102/102 MP: 34/39
 33332 | Snake:3  | Found Joech's Antique Armour Shop.
 33594 | Snake:3  | Found Hig Aryschimi's Weapon Emporium.
 33663 | Snake:3  | Found a frozen archway.
 33673 | IceCv    | Entered an ice cave
 33769 | IceCv    | Identified the +5 chain mail of Repulsion {rPois rN+}
 34164 | IceCv    | Found a viscous altar of Jiyva.
 34411 | IceCv    | Identified the amulet "Cawui" {Acrobat Fly Regen+}
 34415 | IceCv    | Identified the +0 ring mail of the Lumpy Quests {Rampage
                  | Will- rCorr}
 34543 | Snake:3  | Offered knowledge of Orb of Destruction by Vehumet.
 34728 | Snake:3  | Found Femej's General Store.
 34737 | Snake:3  | Bought a scroll of torment for 161 gold pieces
 34737 | Snake:3  | Bought a potion of cancellation for 136 gold pieces
 34985 | Snake:3  | Reached skill level 11 in Fighting
 35107 | Snake:3  | Identified the +0 helmet of the Valley of Death {Slay+3
                  | SInv}
 35231 | Snake:3  | Found Linoifen's Jewellery Shoppe.
 35527 | Snake:4  | Entered Level 4 of the Snake Pit
 35722 | Shoals:1 | Entered Level 1 of the Shoals
 36032 | Shoals:1 | Reached skill level 12 in Fighting
 36146 | Shoals:1 | Reached XP level 18. HP: 112/112 MP: 37/42
 37112 | Shoals:2 | Noticed Polyphemus
 37121 | Shoals:2 | Reached skill level 13 in Fighting
 37122 | Shoals:2 | Killed Polyphemus
 37122 | Shoals:2 | Reached ****** piety under Vehumet
 37169 | Shoals:2 | Noticed Ilsuiw
 37176 | Shoals:2 | Killed Ilsuiw
 37259 | Shoals:2 | Noticed Jorgrun
 37264 | Shoals:2 | Killed Jorgrun
 37480 | Shoals:2 | Reached skill level 14 in Fighting
 37557 | Shoals:2 | Found a runed translucent door.
 37558 | Shoals:2 | Noticed Eschuoni's ghost (journeyman HOFi)
 38260 | Shoals:3 | Noticed Kirke
 38265 | Shoals:3 | Killed Kirke
 38429 | Shoals:3 | Reached skill level 15 in Fighting
 38596 | Shoals:3 | Reached skill level 1 in Air Magic
 39082 | Shoals:4 | Entered Level 4 of the Shoals
 39205 | Shoals:4 | Reached skill level 5 in Ice Magic
 39542 | Shoals:4 | Offered knowledge of Starburst by Vehumet.
 39872 | Shoals:4 | Got a barnacled rune of Zot
 40183 | Shoals:4 | Reached XP level 19. HP: 124/124 MP: 40/43
 41189 | Snake:4  | Reached skill level 10 in Ice Magic
 41646 | Snake:4  | Noticed Vashnia
 41651 | Snake:4  | Killed Vashnia
 42346 | Snake:4  | Offered knowledge of Fire Storm by Vehumet.
 42346 | Snake:4  | Offered knowledge of Shatter by Vehumet.
 42346 | Snake:4  | Offered knowledge of Ignition by Vehumet.
 42445 | Snake:4  | Got a serpentine rune of Zot
 42829 | Snake:4  | Found the +2 cloak of the Thief {*Fog Slay-2 SInv Stlth+}
 43313 | D:15     | Learned a level 9 spell: Shatter
 43490 | Elf:1    | Entered Level 1 of the Elven Halls
 43672 | Elf:1    | Got the Guidebook on Formation
 43850 | Elf:1    | Identified Roxanne's Compilation of Terra Firma
 43850 | Elf:1    | Noticed Roxanne
 43854 | Elf:1    | Killed Roxanne
 44281 | Elf:1    | Paralysed by an air elemental for 1 turns
 44677 | Elf:1    | Reached XP level 20. HP: 129/129 MP: 34/44
 45117 | Elf:2    | Found Jedi's Antique Weapon Shoppe.
 45601 | Elf:2    | Found a runed translucent gate.
 45601 | Elf:2    | Found a runed translucent gate.
 45601 | Elf:2    | Found a runed translucent gate.
 46009 | Elf:2    | Reached skill level 10 in Armour
 46572 | D:14     | Killed Afruuf's ghost
 46588 | D:14     | Got the ring of Broken Luck {rC- Will- Dex+6 Slay+5 SInv
                  | Stlth+}
 46597 | D:14     | Identified the +4 bardiche of Collusion {vorpal, rElec}
 46659 | Depths:1 | Entered Level 1 of the Depths
 46846 | Depths:1 | Noticed the Enchantress
 46851 | Depths:1 | Killed the Enchantress
 46935 | Depths:1 | Found a gateway to Hell.
 47353 | Depths:1 | Found Semol's Superlative Supplies.
 47364 | Depths:1 | Found a broken altar of Ashenzari.
 47747 | Depths:1 | Found a one-way gate leading to the halls of Pandemonium.
 48350 | Depths:2 | Reached skill level 10 in Dodging
 48509 | Depths:2 | Reached XP level 21. HP: 108/134 MP: 45/45
 48811 | Depths:2 | Identified the +0 troll leather armour of Impish
                  | Satisfaction {rN+ Regen+ Str+2 Int-5}
 50247 | Depths:3 | Found Eshilepu's Weapon Boutique.
 50494 | Depths:3 | Found a one-way gateway to a ziggurat.
 50702 | Depths:3 | Noticed an ancient lich
 50830 | Depths:3 | Paralysed by a sphinx for 5 turns
 50871 | Depths:3 | Found a one-way gate to the infinite horrors of the Abyss.
 51391 | Depths:3 | Noticed a juggernaut
 51397 | Depths:3 | Killed a juggernaut
 51918 | Depths:3 | Noticed a caustic shrike
 51925 | Depths:3 | Killed a caustic shrike
 52370 | Depths:3 | Identified the +2 scale mail "Hopsuewa" {rPois rC+++ MP+9
                  | Dex-3}
 52674 | Depths:1 | Bought a scarf of repulsion for 216 gold pieces
 52772 | Depths:4 | Entered Level 4 of the Depths
 53148 | Depths:4 | Reached XP level 22. HP: 93/140 MP: 29/46
 54249 | Depths:4 | Noticed Parghit
 54261 | Depths:4 | Killed Parghit
 54845 | Depths:4 | Noticed a golden dragon
 54858 | Depths:4 | Killed a golden dragon
 55547 | Depths:4 | Reached skill level 16 in Fighting
 55788 | Depths:4 | Found a gate to the Realm of Zot.
 55933 | Depths:4 | Noticed a golden dragon
 55963 | Depths:4 | Killed a golden dragon
 56460 | Elf:3    | Entered Level 3 of the Elven Halls
 56693 | Elf:3    | Found Inelepp's CLEARANCE SALE!.
 56711 | Elf:3    | Bought a scroll of blinking for 45 gold pieces
 56711 | Elf:3    | Bought a scroll of fear for 24 gold pieces
 56711 | Elf:3    | Bought a potion of might for 24 gold pieces
 56711 | Elf:3    | Bought a scroll of teleportation for 18 gold pieces
 56711 | Elf:3    | Bought a scroll of immolation for 24 gold pieces
 56985 | Elf:3    | Reached skill level 17 in Fighting
 57136 | Elf:3    | Paralysed by an air elemental for 1 turns
 57196 | Elf:3    | Noticed Asterion
 57208 | Elf:3    | Killed Asterion
 57692 | Elf:3    | Reached skill level 18 in Fighting
 57832 | Elf:3    | Identified the +7 great mace of Kyadd {drain, Str+3}
 57836 | Elf:3    | Identified the ring of Orharemi {Str+3 Dex+6}
 57840 | Elf:3    | Reached XP level 23. HP: 90/152 MP: 27/47
 58370 | Elf:3    | Identified the ring of Contentment {Wiz rPois Dex+2}
 59267 | Abyss:3  | Cast into level 3 of the Abyss (a deep elf sorcerer)
 59319 | Abyss:3  | Reached skill level 19 in Fighting
 59500 | Abyss:3  | Gained mutation: You occasionally lose the ability to drink
                  | potions when taking damage. [a cacodemon]
 59806 | Elf:3    | Escaped the Abyss
 60276 | Elf:3    | Identified the +5 spear "Wygg" {drain, rPois Str+6 Stlth+}
 60741 | Vaults:1 | Entered Level 1 of the Vaults
 60888 | Vaults:1 | Reached skill level 20 in Fighting
 61132 | Vaults:1 | Found Poebrena's Book Shoppe.
 61132 | Vaults:1 | Found Kymmahec's Antique Armour Shoppe.
 61300 | Vaults:1 | Found Inienu's Magic Scroll Shoppe.
 61310 | Vaults:1 | Bought a scroll of teleportation for 42 gold pieces
 61310 | Vaults:1 | Bought a scroll of fog for 56 gold pieces
 61310 | Vaults:1 | Bought a scroll of silence for 133 gold pieces
 61320 | Vaults:1 | Bought a distressingly furry leather armour for 294 gold
                  | pieces
 61320 | Vaults:1 | Identified the +3 leather armour "Sali Ziopt" {Str+5
                  | Slay-6} (You bought it in a shop on level 1 of the Vaults)
 61723 | Vaults:1 | Found a portal to a secret trove of treasure.
 63955 | Vaults:2 | Reached XP level 24. HP: 151/163 MP: 34/47
 64011 | Vaults:2 | Found a staircase to the Crypt.
 64011 | Vaults:2 | Found a basalt altar of Yredelemnul.
 64012 | Vaults:2 | Found an ancient bone altar of Kikubaaqudgha.
 64145 | Vaults:2 | Reached skill level 15 in Armour
 64727 | Vaults:2 | Found Mula's Book Boutique.
 66977 | Vaults:3 | Noticed Zenata
 66995 | Vaults:3 | Killed Zenata
 68810 | Vaults:4 | Identified the +5 quarterstaff of the Forgotten Knives
                  | {vorpal, rPois Dex+4 SInv}
 69057 | Vaults:4 | Reached XP level 25. HP: 143/168 MP: 33/47
 69409 | Vaults:4 | Learned a level 8 spell: Lehudib's Crystal Spear
 69708 | Depths:1 | Bought a manual of Spellcasting for 1440 gold pieces
 70031 | Snake:1  | Reached skill level 15 in Dodging
 70034 | Snake:1  | Killed Xuokk's ghost
 70068 | Snake:1  | Identified the +0 pair of gloves "Rysamur" {rElec rN+ Will+
                  | Str+3}
 70254 | Shoals:2 | Killed Eschuoni's ghost
 70829 | Vaults:5 | Entered Level 5 of the Vaults
 70869 | Vaults:5 | Noticed a dread lich
 70876 | Vaults:5 | Killed a dread lich
 70908 | Vaults:5 | Identified the +2 leather armour of Truth {Will++ Regen+
                  | Slay-6}
 71647 | Vaults:5 | Identified the +8 glaive of Fimbulwinter {distort, Str+5}
 71849 | Vaults:5 | Identified the +10 flail of Absolution {speed, Str+4 Dex+6
                  | Stlth+}
 71849 | Vaults:5 | Identified the ring "Duata" {Will+ rCorr Dex+3}
 71876 | Vaults:5 | Identified the +4 hand axe of a volcano {drain, *Noise
                  | rElec Str+6}
 71907 | Vaults:5 | Got the Enchiridion on Damaging Dislocation
 71928 | Vaults:5 | Learned a level 7 spell: Spellforged Servitor
 72356 | Vaults:5 | Noticed a dread lich
 72371 | Vaults:5 | Killed a dread lich
 72466 | Vaults:5 | Noticed an ancient lich
 72482 | Vaults:5 | Killed an ancient lich
 72522 | Vaults:5 | Reached skill level 15 in Conjurations
 72522 | Vaults:5 | Reached XP level 26. HP: 89/174 MP: 50/50
 74328 | Vaults:5 | Reached XP level 27. HP: 179/179 MP: 50/50
 74362 | Vaults:5 | Got a silver rune of Zot
 74604 | Vaults:5 | Identified the +0 cloak of the Alphagorgon {*Corrode +Blink
                  | Fly Int-2}
 75188 | Zot:1    | Entered Level 1 of the Realm of Zot
 75403 | Zot:1    | Found a runed translucent gate.
 75404 | Zot:1    | Found a runed translucent gate.
 75405 | Zot:1    | Found an opulent altar of Gozag.
 75405 | Zot:1    | Found a runed translucent gate.
 75406 | Zot:1    | Found Cyomups's Assorted Antiques.
 75406 | Zot:1    | Noticed Pongem's ghost (legendary MiAK)
 75409 | Zot:1    | Found Pegirun's Assorted Antiques.
 76879 | Zot:2    | Identified the +7 short sword of Incongruity {distort,
                  | rPois rF+ rCorr Int-4}
 77818 | Zot:2    | Got the Vellum of Scorching Accomplices
 79728 | Zot:3    | Reached skill level 5 in Shields
 82098 | Zot:4    | Reached skill level 10 in Shields
 82431 | Zot:5    | Entered Level 5 of the Realm of Zot
 83446 | Vaults:1 | You paid a toll of +8 gold dragon scales to enter a
                  | treasure trove
 83447 | Trove    | Entered a treasure trove
 83458 | Trove    | Identified the ring of Tyfru {Will+ Str+6 Dex+4}
 83460 | Trove    | Identified the ring of Teunah {Will+ EV+4}
 83958 | Zot:1    | Killed Pongem's ghost
 84797 | Crypt:1  | Entered Level 1 of the Crypt
 85349 | Crypt:1  | Identified the +1 sling of the Blind Eye {venom, rC+ rCorr
                  | Int-5}
 85525 | Crypt:2  | Identified the +9 great mace "Yhil" {vorpal, +Blink rPois
                  | Str+7 Dex-2}
 85935 | Crypt:2  | Reached skill level 15 in Shields
 86800 | Crypt:3  | Entered Level 3 of the Crypt
 86868 | Crypt:3  | Found a staircase to the Tomb.
 87244 | Crypt:3  | Reached skill level 21 in Fighting
 87949 | Crypt:3  | Identified the +9 broad axe of False Accusations {vorpal,
                  | Str+4}
 88211 | Crypt:3  | Reached skill level 22 in Fighting
 88221 | Crypt:3  | Learned a level 9 spell: Polar Vortex
 88366 | Crypt:3  | Noticed Jory
 88377 | Crypt:3  | Killed Jory
 88736 | Crypt:3  | Got Gloorx Vloq's Omnibus of Dark Rites
 89446 | Slime:1  | Entered Level 1 of the Pits of Slime
 90210 | Slime:2  | Gained mutation: You sometimes lose your temper in combat.
                  | [a shining eye]
 90212 | Slime:2  | Reached skill level 15 in Ice Magic
 90514 | D:15     | Lost mutation: You occasionally lose the ability to drink
                  | potions when taking damage. [potion of mutation]
 90514 | D:15     | Lost mutation: You sometimes lose your temper in combat.
                  | [potion of mutation]
 90514 | D:15     | Gained mutation: You expend magic power (3 MP) to
                  | strengthen your wands. [potion of mutation]
 91307 | Slime:3  | Paralysed by a floating eye for 2 turns
 91354 | Slime:3  | Paralysed by a floating eye for 4 turns
 92560 | Slime:5  | Entered Level 5 of the Pits of Slime
 93776 | Slime:5  | Found a viscous altar of Jiyva.
 93776 | Slime:5  | Found the +3 robe of Clouds {*Thunder rCloud rElec}
 93860 | Slime:5  | Noticed the Royal Jelly
 94083 | Slime:5  | Killed the Royal Jelly
 94641 | Slime:5  | Identified the +1 leather armour "Ufucekat" {rF+ Int+2}
 94735 | Slime:5  | Got a slimy rune of Zot
 94746 | Slime:5  | Identified the +1 leather armour "Ruawerch" {Rampage Str+3}
 94753 | Slime:5  | Identified the +7 morningstar of the Illusory Dreams {pain,
                  | *Noise rC+ Str+5}
 94756 | Slime:5  | Identified the +7 chain mail "Zeasos" {Harm rElec rC+
                  | Str+4}
 95281 | Depths:3 | Voluntarily entered the Abyss.
 95358 | Depths:3 | Escaped the Abyss
 95372 | Depths:3 | Voluntarily entered the Abyss.
 95649 | Abyss:3  | Got an abyssal rune of Zot
 95661 | Depths:3 | Escaped the Abyss
 95967 | Hell     | Entered the Vestibule of Hell
 95967 | Hell     | Noticed Geryon
 96152 | Hell     | Killed Geryon
 96513 | Hell     | Found a gateway to the Iron City of Dis.
 96704 | Hell     | Found a gateway to the ashen valley of Gehenna.
 96842 | Hell     | Found a gateway to the decaying netherworld of Tartarus.
 96908 | Hell     | Found a gateway to the freezing wastes of Cocytus.
 97138 | Pan      | Entered Pandemonium
 97138 | Pan      | Found an exit through the horrors of the Abyss.
 97173 | Pan      | Noticed Xihuz the pandemonium lord
 97186 | Pan      | Killed Xihuz the pandemonium lord
 98850 | Pan      | Found an exit through the horrors of the Abyss.
 99006 | Pan      | Found a huge runed translucent gate.
 99011 | Pan      | Found a huge runed translucent gate.
 99012 | Pan      | Found a huge runed translucent gate.
 99012 | Pan      | Found a huge runed translucent gate.
 99012 | Pan      | Found a huge runed translucent gate.
 99012 | Pan      | Found a huge runed translucent gate.
 99012 | Pan      | Found a huge runed translucent gate.
 99607 | Pan      | Noticed Lupeic the pandemonium lord
 99613 | Pan      | Killed Lupeic the pandemonium lord
100575 | Pan      | Found a white marble altar of Elyvilon.
102677 | Pan      | Identified the +1 tower shield of the Guild-Master {rF+ rN+
                  | rCorr Int+3}
104822 | Pan      | Identified the +2 tower shield of Soruw {rCorr}
105531 | Pan      | Found a glowing silver altar of Zin.
106707 | Pan      | Identified the +5 sling "Roarphij" {speed, rElec rPois
                  | Str+4}
106716 | Pan      | Noticed a seraph
107710 | Pan      | Reached skill level 1 in Maces & Flails
107789 | Pan      | Identified the +2 tower shield "Lohuq" {rN+ Dex+4 Stlth+}
107791 | Pan      | Identified the +12 quarterstaff of the Spider {elec, rPois}
107795 | Pan      | Killed a seraph
108255 | Pan      | Reached skill level 5 in Maces & Flails
108945 | Pan      | Found a glowing golden altar of the Shining One.
109163 | Pan      | Got a demonic rune of Zot
109344 | Depths:1 | Escaped Pandemonium
109773 | Vaults:1 | Bought a scroll of enchant weapon for 105 gold pieces
109973 | Zot:1    | Bought a scroll of enchant armour for 322 gold pieces
110163 | Pan      | Entered Pandemonium
110237 | Pan      | Reached skill level 10 in Maces & Flails
110398 | Pan      | Found a runed translucent door.
111469 | Pan      | Noticed Uleschiu the pandemonium lord
111488 | Pan      | Killed Uleschiu the pandemonium lord
111888 | Pan      | Found a transporter.
112978 | Pan      | Noticed Siplaxag the pandemonium lord
113217 | Pan      | Killed Siplaxag the pandemonium lord
113217 | Pan      | Gained mutation: Your mind is acute. (Int +4, Str/Dex -1)
                  | [a neqoxec]
114040 | Pan      | Entered the realm of Lom Lobon.
114040 | Pan      | Noticed Lom Lobon
114047 | Pan      | Killed Lom Lobon
114055 | Pan      | Got a magical rune of Zot
115387 | Pan      | Entered the realm of Gloorx Vloq.
116562 | Pan      | Noticed Gloorx Vloq
116564 | Pan      | Got a dark rune of Zot
116756 | Pan      | Entered the realm of Cerebov.
117019 | Pan      | Noticed Gloorx Vloq
117030 | Pan      | Killed Gloorx Vloq
117696 | Pan      | Identified the amulet of Telann {Acrobat +Inv Int+4}
117907 | Pan      | Identified the +8 war axe of Mastery {flame, rPois rC+ MP-9
                  | Int+9}
118173 | Pan      | Identified the +1 robe of the Everdark {rElec rPois Str+3
                  | Dex-2}
118608 | Pan      | Got the Discourse on Sweltering Grit
118631 | Pan      | Identified the +8 short sword of Terror {freeze, rF- rC+
                  | Str+6 Stlth+}
118637 | Pan      | Identified the +4 ring mail of the Lost Healing Ears {Dex+3
                  | Stlth-}
118861 | Pan      | Identified the amulet "Manongay" {Rampage Regen+ MP+9}
119043 | Pan      | Found the +6 sword of Cerebov {flame}
119043 | Pan      | Noticed Cerebov
119050 | Pan      | Killed Cerebov
119132 | Pan      | Identified the +5 war axe of the Vanishing Beggars {vorpal,
                  | Str+7}
119138 | Pan      | Identified the +3 broad axe "Tauw" {vorpal, +Blink Will++
                  | Str+3}
119204 | Pan      | Got a fiery rune of Zot
119714 | Pan      | Found an exit through the horrors of the Abyss.
119992 | Pan      | Noticed Funam the pandemonium lord
119999 | Pan      | Reached skill level 1 in Evocations
119999 | Pan      | Killed Funam the pandemonium lord
120416 | Depths:1 | Escaped Pandemonium
120557 | Pan      | Entered Pandemonium
120557 | Pan      | Found a transporter.
120557 | Pan      | Found a transporter.
120565 | Pan      | Reached skill level 5 in Evocations
120862 | Pan      | Found an exit through the horrors of the Abyss.
121882 | Pan      | Noticed Plog the pandemonium lord
121894 | Pan      | Killed Plog the pandemonium lord
122860 | Pan      | Found an exit through the horrors of the Abyss.
123004 | Pan      | Reached skill level 10 in Evocations
123127 | Pan      | Noticed Nieruqu the pandemonium lord
123135 | Pan      | Killed Nieruqu the pandemonium lord
123493 | Pan      | Entered the realm of Mnoleg.
123766 | Pan      | Gained mutation: You are frail. (-10% HP) [a neqoxec]
123958 | Pan      | Gained mutation: You are very frail. (-20% HP) [a neqoxec]
124239 | Pan      | Gained mutation: You do not regenerate when monsters are
                  | visible. [a cacodemon]
124241 | Pan      | Gained mutation: You are weak. (Str -2) [a cacodemon]
124247 | Pan      | Noticed Mnoleg
124251 | Pan      | Killed Mnoleg
124252 | Pan      | Reached skill level 23 in Fighting
124255 | Pan      | Gained mutation: You are clumsy. (Dex -2) [a cacodemon]
124257 | Pan      | Gained mutation: You occasionally lose the ability to read
                  | scrolls when taking damage. [a cacodemon]
124259 | Pan      | Gained mutation: Armour fits poorly on your strangely
                  | shaped body. [a cacodemon]
124265 | Pan      | Lost mutation: Your mind is acute. (Int +4, Str/Dex -1) [a
                  | neqoxec]
124270 | Pan      | Gained mutation: You are very clumsy. (Dex -4) [a
                  | cacodemon]
124274 | Pan      | Gained mutation: Your body sometimes deteriorates upon
                  | taking damage. [a cacodemon]
124514 | Pan      | Got a glowing rune of Zot
124590 | Pan      | Lost mutation: You do not regenerate when monsters are
                  | visible. [potion of mutation]
124590 | Pan      | Lost mutation: You expend magic power (3 MP) to strengthen
                  | your wands. [potion of mutation]
124590 | Pan      | Gained mutation: Your flesh is cold resistant. (rC+)
                  | [potion of mutation]
124590 | Pan      | Gained mutation: You have hidden genetic potential. [potion
                  | of mutation]
124591 | Pan      | Lost mutation: Your body sometimes deteriorates upon taking
                  | damage. [potion of mutation]
124591 | Pan      | Lost mutation: Your flesh is cold resistant. (rC+) [potion
                  | of mutation]
124591 | Pan      | Gained mutation: You passively map a small area around you.
                  | [potion of mutation]
124591 | Pan      | Gained mutation: You have supernaturally acute eyesight.
                  | (SInv) [potion of mutation]
124592 | Pan      | Lost mutation: You occasionally lose the ability to read
                  | scrolls when taking damage. [potion of mutation]
124592 | Pan      | Lost mutation: Armour fits poorly on your strangely shaped
                  | body. [potion of mutation]
124592 | Pan      | Gained mutation: Your mind is acute. (Int +4, Str/Dex -1)
                  | [potion of mutation]
124592 | Pan      | Lost mutation: You are very clumsy. (Dex -4) [potion of
                  | mutation]
124593 | Pan      | Lost mutation: You are clumsy. (Dex -2) [potion of
                  | mutation]
124593 | Pan      | Lost mutation: You have supernaturally acute eyesight.
                  | (SInv) [potion of mutation]
124593 | Pan      | Gained mutation: Your flesh is heat resistant. (rF+)
                  | [potion of mutation]
124594 | Pan      | Lost mutation: You are weak. (Str -2) [potion of mutation]
124594 | Pan      | Lost mutation: You passively map a small area around you.
                  | [potion of mutation]
124594 | Pan      | Gained mutation: You possess an exceptional clarity of
                  | mind. [potion of mutation]
124597 | Pan      | Found a runed translucent door.
125193 | Pan      | Found an exit through the horrors of the Abyss.
125205 | Pan      | Took an exit into the Abyss.
125205 | Abyss:3  | Escaped into the Abyss
125286 | Depths:1 | Escaped the Abyss
125568 | Zot:5    | Reached skill level 24 in Fighting
125914 | Zot:5    | Noticed an ancient lich
125914 | Zot:5    | Noticed an ancient lich
125926 | Zot:5    | Noticed a dread lich
125935 | Zot:5    | Noticed an orb of fire
126036 | Zot:5    | Noticed an orb of fire
126043 | Zot:4    | Killed a dread lich
126112 | Zot:5    | Noticed a dread lich
126115 | Zot:4    | Killed an orb of fire
126164 | Zot:4    | Killed a dread lich
126211 | Zot:5    | Gained mutation: You occasionally lose the ability to drink
                  | potions when taking damage. [an orb of fire]
126212 | Zot:5    | Killed an ancient lich
126212 | Zot:5    | Gained mutation: You are clumsy. (Dex -2) [an orb of fire]
126215 | Zot:4    | Reached skill level 25 in Fighting
126434 | Zot:5    | Gained mutation: You sometimes lose the ability to drink
                  | potions when taking damage. [an orb of fire]
126437 | Zot:5    | Killed an orb of fire
126440 | Zot:5    | Noticed an orb of fire
126442 | Zot:5    | Noticed an orb of fire
126660 | Zot:4    | Lost mutation: You are very frail. (-20% HP) [potion of
                  | mutation]
126660 | Zot:4    | Lost mutation: You possess an exceptional clarity of mind.
                  | [potion of mutation]
126660 | Zot:4    | Lost mutation: Your flesh is heat resistant. (rF+) [potion
                  | of mutation]
126660 | Zot:4    | Gained mutation: Your natural rate of healing is unusually
                  | fast. [potion of mutation]
126660 | Zot:4    | Gained mutation: You have a pair of small horns on your
                  | head. [potion of mutation]
126661 | Zot:4    | Lost mutation: You are clumsy. (Dex -2) [potion of
                  | mutation]
126661 | Zot:4    | Lost mutation: You have hidden genetic potential. [potion
                  | of mutation]
126661 | Zot:4    | Gained mutation: Your flesh is cold resistant. (rC+)
                  | [potion of mutation]
126661 | Zot:4    | Lost mutation: You sometimes lose the ability to drink
                  | potions when taking damage. [potion of mutation]
126662 | Zot:4    | Lost mutation: You are frail. (-10% HP) [potion of
                  | mutation]
126662 | Zot:4    | Lost mutation: You have a pair of small horns on your head.
                  | [potion of mutation]
126662 | Zot:4    | Lost mutation: Your mind is acute. (Int +4, Str/Dex -1)
                  | [potion of mutation]
126662 | Zot:4    | Gained mutation: You have hidden genetic potential. [potion
                  | of mutation]
126662 | Zot:4    | Gained mutation: You expend magic power (3 MP) to
                  | strengthen your wands. [potion of mutation]
126662 | Zot:4    | Lost mutation: You have hidden genetic potential. [potion
                  | of mutation]
126663 | Zot:4    | Lost mutation: Your natural rate of healing is unusually
                  | fast. [potion of mutation]
126663 | Zot:4    | Lost mutation: You occasionally lose the ability to drink
                  | potions when taking damage. [potion of mutation]
126663 | Zot:4    | Gained mutation: You are agile. (Dex +4, Str/Int -1)
                  | [potion of mutation]
126753 | Zot:4    | Killed an orb of fire
126886 | Zot:5    | Gained mutation: You sometimes lose your temper in combat.
                  | [an orb of fire]
126956 | Zot:4    | Killed an orb of fire
127115 | Zot:5    | Killed an ancient lich
127209 | Zot:5    | Reached skill level 26 in Fighting
127251 | Zot:4    | Lost mutation: Your flesh is cold resistant. (rC+) [potion
                  | of mutation]
127251 | Zot:4    | Lost mutation: You sometimes lose your temper in combat.
                  | [potion of mutation]
127251 | Zot:4    | Gained mutation: Armour fits poorly on your strangely
                  | shaped body. [potion of mutation]
127251 | Zot:4    | Gained mutation: You passively map a small area around you.
                  | [potion of mutation]
127251 | Zot:4    | Gained mutation: You sometimes lose your temper in combat.
                  | [potion of mutation]
127252 | Zot:4    | Lost mutation: You expend magic power (3 MP) to strengthen
                  | your wands. [potion of mutation]
127252 | Zot:4    | Lost mutation: Armour fits poorly on your strangely shaped
                  | body. [potion of mutation]
127252 | Zot:4    | Gained mutation: You are very agile. (Dex +8, Str/Int -2)
                  | [potion of mutation]
127253 | Zot:4    | Lost mutation: You sometimes lose your temper in combat.
                  | [potion of mutation]
127253 | Zot:4    | Lost mutation: You are very agile. (Dex +8, Str/Int -2)
                  | [potion of mutation]
127253 | Zot:4    | Lost mutation: You are agile. (Dex +4, Str/Int -1) [potion
                  | of mutation]
127253 | Zot:4    | Gained mutation: You passively map the area around you.
                  | [potion of mutation]
127253 | Zot:4    | Gained mutation: You are robust. (+10% HP) [potion of
                  | mutation]
127253 | Zot:4    | Gained mutation: You passively map a large area around you.
                  | [potion of mutation]
127253 | Zot:4    | Gained mutation: Your mind is acute. (Int +4, Str/Dex -1)
                  | [potion of mutation]
127366 | Zot:5    | Noticed an orb of fire
127375 | Zot:5    | Killed an orb of fire
127776 | Zot:5    | Reached skill level 27 in Fighting
127800 | Zot:5    | Noticed an orb of fire
127817 | Zot:5    | Killed an orb of fire
127969 | Zot:5    | Got the Orb of Zot
128042 | Zot:3    | Noticed Taent the pandemonium lord
128153 | Depths:3 | Noticed Veowufi the pandemonium lord
128383 | D:8      | Noticed Siplijoc the pandemonium lord
128533 | D:$      | Escaped with the Orb!

Illustrated notes

Levels and vault maps discovered:
D:1:      lemuel_arrival_lava_pool, layout_basic
D:2:      layout_basic, dreamdust_ecumenical_altar_angels_and_demons
D:3:      layout_basic, grunt_decor_cap, kennysheep_pointless_box
D:4:      layout_rooms, gammafunk_temple_overflow_elements, serial_shops,
          kennysheep_mini_moat, minmay_a_box_with_orc_wizards_in_it
D:5:      layout_rooms, minmay_temple_entry_proselytizer
D:6:      layout_basic, grunt_dithmenos_smoke_and_mirrors,
          dreamdust_princess_corridor, minmay_stone_trees_small,
          guppyfry_early_elven_hall
D:7:      layout_gridville, gammafunk_ghost_smash, enter_bailey_2,
          uniq_crazy_yiuf_cottage, uniq_duvessa, uniq_pikel
D:8:      layout_basic, minivault_10
D:9:      wander_river, layout_gridville, nicolae_elemental_shop, uniq_harold
D:10:     layout_rooms
D:11:     nicolae_cairo_tiling, layout_grid_maze, david_orc_2, serial_glass,
          glass_columns_a, glass_columns_c, chequers_avenue
D:12:     minmay_quarter_circles, layout_cave_pools, serial_shops,
          nicolae_shop_behind_doors, hangedman_corner_corridor
D:13:     layout_loops_ring, uniq_rupert
D:14:     layout_cave_pools, lightli_vaults_fourway_checkpoint,
          gammafunk_ghost_stat_death
D:15:     grunt_enter_depths_giant_problem, layout_stronghold,
          yredelemnul_altar_generic
Temple:   hellmonk_temple_of_storms
Lair:1:   layout_big_grid
Lair:2:   layout_roguey, elwin_shoals_entry_stream
Lair:3:   layout_regular_city, guppyfry_snake_entry_garden, fungi_pond_lemuel,
          serial_bayou_shore_a, infiniplex_staircase_pool
Lair:4:   layout_cave_pods, dpeg_slime_entry_enclosed, grunt_megastairs_5
Lair:5:   gammafunk_lair_ancient_temple, layout_cave_pods
Shoals:1: layout_shoals, nicolae_shoals_flooded_hall
Shoals:2: layout_shoals, ebering_ghost_inner_flame,
          nicolae_shoals_cliffside_cave, uniq_ilsuiw, uniq_jorgrun,
          uniq_polyphemus
Shoals:3: layout_shoals, argonaut_gorgonesque, uniq_kirke
Shoals:4: shoals_end_hangedman, layout_shoals, shoal_ilsuiw,
          nicolae_shoals_lost_giant_pillars, nicolae_shoals_water_shrine
Snake:1:  layout_concentric_octagons, gammafunk_ghost_berserking_beasts,
          uniq_mlioglotl
Snake:2:  nicolae_snake_shooting_gallery, layout_cave_pods, lemuel_fruit_tree
Snake:3:  layout_honeycomb, portal_ice_cave_entry_ice_statue_one, serial_shops,
          nicolae_shop_hallway_plus, nicolae_stop_n_shop_2, shop,
          nicolae_stop_n_shop_1
Snake:4:  johnstein_snake_rune_scales, layout_layer_cave, grunt_megastairs_4
Slime:1:  layout_caves
Slime:2:  layout_caves
Slime:3:  layout_caves
Slime:4:  layout_caves
Slime:5
Orc:1:    layout_caves
Orc:2:    grunt_orc_cross, layout_caves, uniq_maurice
Elf:1:    layout_loops_corners, serial_sigils, serial_sigils_hangedman_scratch,
          serial_sigils_hangedman_snap, serial_sigils_hangedman_scar,
          serial_sigils_hangedman_stare, minmay_elf_demonology,
          nicolae_elf_big_sculpture_2, hangedman_elf_represent, uniq_roxanne
Elf:2:    nicolae_elf_blades_splatter_lattice [nicolae_blade_bullseye],
          layout_geoelf_octagon, serial_shops, shop
Elf:3:    minmay_elf_hall_quartered_circle, layout_geoelf_grid,
          nicolae_shop_clearance, uniq_asterion
Vaults:1: hangedman_vaults_hard_town_square,
          vaults_standard_mumra_enter_the_diamond, hangedman_vaults_nodes,
          nicolae_vaults_theta, v_alt_pattern_3, hangedman_vaults_variations,
          v_misc_16, vaults_room_stairs_pillars, hangedman_vaults_slither,
          vaults_room_large_hall, hangedman_vaults_locks,
          vaults_standard_mumra_x, layout_vaults_omnibox,
          nicolae_trove_entry_free_sample
Vaults:2: serial_ice_m, v_misc_16, ontoclasm_vaults_ring_small, v_rooms_4,
          nicolae_vaults_disjoint_gnomons, v_pattern_1, grunt_vaults_diagonal,
          v_misc_26, minmay_crypt_entry_necro_gods, v_misc_26,
          ontoclasm_vaults_twist, ontoclasm_vaults_chip,
          nicolae_vaults_shelves_hall, vaults_room_semicircle,
          layout_vaults_omnicross, serial_shops, nicolae_shop_advertising_works
          [nicolae_subvault_shop_adworks]
Vaults:3: nicolae_vaults_mini_display_case, vaults_room_stairs_pillars,
          nicolae_vaults_little_squares_4, ontoclasm_vaults_shuriken,
          vaults_room_ringed_pool, vaults_room_semicircle, grunt_vaults_funnel,
          layout_vaults_omnigrid, uniq_zenata
Vaults:4: hangedman_vaults_maws, nicolae_vaults_murderbox,
          vaults_room_fancy_cross, nicolae_vaults_sealed_display,
          grunt_vaults_hallway_short, vaults_room_semicircle,
          hangedman_vaults_nails, v_misc_23, nicolae_vaults_network_quinsquares
          [nicolae_vaults_network_quincunx_subvault,
          nicolae_vaults_network_quincunx_subvault,
          nicolae_vaults_network_quincunx_subvault,
          nicolae_vaults_network_quincunx_subvault], v_rooms_4, v_misc_10,
          v_alt_pattern_4, vaults_room_stairs_pillars, layout_vaults_maze_snakey
Vaults:5: serial_shops
Crypt:1:  layout_gridlike, grunt_crypt_arrival_webbed
Crypt:2:  layout_catacombs
Crypt:3:  due_elkab, layout_chaotic_city, tomb_entry_forgotten_bobbens
Depths:1: layout_long_grid, pf_coc_iceberg, rand_demon_pan_entry_8,
          nicolae_concentric_dashed_squares_wild, nicolae_alphabet_shops,
          serial_sigils_hangedman_writhe, serial_bayou_pond_c,
          ashenzari_altar_1, uniq_enchantress
Depths:2: minmay_the_grid_plus_closed [minmay_the_grid_square_x,
          minmay_the_grid_tiny_cups, minmay_the_grid_broken_lines,
          minmay_the_grid_outer_diamond, minmay_the_grid_prize_trominoes],
          layout_cave_shapes, grunt_mini_vestibule, serial_column_ruins,
          column_ruins_portal_hut, column_ruins_open_tiny, column_ruins_grid_1,
          column_ruins_grid_4, column_ruins_open_small, column_ruins_columns_T,
          grunt_decor_junction, grunt_pan_entry_zigzag,
          infiniplex_staircase_zigzag_4
Depths:3: vault_1, layout_cave_pools, enter_ziggurat_c, serial_shops,
          nicolae_shop_bloodbath_and_beyond, abyss_entry,
          minmay_staircase_bubble, hangedman_tar_grid_catacomb,
          grunt_decor_resistance, minmay_misc_feat_more_columns,
          serial_bayou_pond_c, eino_curves_04, minmay_misc_feat_iff
Depths:4: grunt_runaround [grunt_runaround_doors_1, grunt_runaround_doors_2,
          grunt_runaround_doors_3, grunt_runaround_doors_4,
          grunt_runaround_zot], abyss_entry, hell_entry, serial_shops,
          uniq_parghit
Hell
Zot:1:    layout_gridlike, ebering_ghost_gozag
Zot:2:    layout_onion_interference, grunt_megastairs_1
Zot:3:    layout_onion_interference
Zot:4:    lemuel_acid_trip, layout_onion_interference, st_single_dragon_hoard_1
Zot:5:    layout_misc_corridors

Skill      XL: |  1  2  3  4  5  6  7  8  9 10 11 12 13 14 15 16 17 18 19 20 21 22 23 24 25 26 27 |
---------------+----------------------------------------------------------------------------------+-----
Earth Magic    | 4 5 6 7 12 17 18 22 24 | 24.0
Conjurations   | 3 5 7 10 12 14 15 17 22 | 22.0
Spellcasting   | 3 7 10 13 15 18 20 23 | 23.4
Fighting       | 4 8 10 12 15 18 20 27 | 27.0
Ice Magic      | 2 8 14 24 | 24.0
Armour         | 4 5 7 10 14 15 22 | 22.5
Dodging        | 5 10 14 15 | 15.0
Air Magic      | 1 |  1.2
Shields        | 4 22 | 22.0
Maces & Flails | 14 | 14.0
Evocations     | 10 | 10.0
Stealth        | |  2.1
Transmutations | |  0.7

Action                   |  1- 3 |  4- 6 |  7- 9 | 10-12 | 13-15 | 16-18 | 19-21 | 22-24 | 25-27 || total
-------------------------+-------+-------+-------+-------+-------+-------+-------+-------+-------++-------
Melee: Dagger            |    12 |     3 |       |       |       |     9 |     5 |       |       ||    29
       Longbow           |       |       |       |     1 |       |       |       |       |       ||     1
       Flail             |       |       |       |       |       |       |       |       |   174 ||   174
       Rapier            |       |       |       |       |       |       |       |       |     8 ||     8
       Punch             |       |       |       |       |       |       |       |       |     1 ||     1
       Sacred scourge    |       |       |       |       |       |       |       |       |  1459 ||  1459
       Staff             |       |       |       |       |       |       |       |       |     1 ||     1
 Fire: Longbow           |       |     2 |   123 |    98 |    27 |   250 |   385 |   360 |    38 ||  1283
       Arbalest          |       |       |       |       |   250 |   102 |       |       |       ||   352
       Greatsling        |       |       |       |       |       |       |       |       |  1579 ||  1579
 Cast: Sandblast         |    50 |    65 |    89 |   312 |   127 |       |       |     1 |     4 ||   648
       Mephitic Cloud    |       |       |    11 |    28 |    25 |       |       |       |       ||    64
       Stone Arrow       |       |       |    16 |    29 |     3 |       |       |       |       ||    48
       Freeze            |       |       |       |     1 |       |       |       |       |       ||     1
       Irradiate         |       |       |       |     4 |    35 |    21 |     7 |     7 |    20 ||    94
       Poisonous Vapours |       |       |       |     1 |     7 |       |       |       |       ||     8
       Iron Shot         |       |       |       |    15 |   192 |    81 |   163 |   176 |    81 ||   708
       Borgnjor's Vile C |       |       |       |       |    98 |   134 |   148 |   263 |   492 ||  1135
       Passwall          |       |       |       |       |     1 |       |       |       |       ||     1
       Freezing Cloud    |       |       |       |       |    15 |   188 |   214 |   209 |   108 ||   734
       Lee's Rapid Decon |       |       |       |       |       |    17 |     9 |    22 |    67 ||   115
       Ozocubu's Refrige |       |       |       |       |       |       |     9 |    48 |    52 ||   109
       Shatter           |       |       |       |       |       |       |       |       |   145 ||   145
       Lehudib's Crystal |       |       |       |       |       |       |       |       |   370 ||   370
       Spellforged Servi |       |       |       |       |       |       |       |       |   277 ||   277
       Polar Vortex      |       |       |       |       |       |       |       |       |    80 ||    80
Evoke: Wand              |       |       |       |       |       |       |       |       |    14 ||    14
  Use: Scroll            |       |       |       |    23 |     3 |     3 |     3 |     4 |    43 ||    79
       Potion            |       |       |       |     1 |       |     1 |     1 |       |    24 ||    27
 Stab: Distracted        |       |       |       |       |       |       |       |       |     8 ||     8
Armor: Robe              |    16 |    11 |    26 |   258 |    62 |       |       |       |       ||   373
       Ring mail         |       |       |       |       |   275 |   326 |   321 |       |       ||   922
       Quicksilver drago |       |       |       |       |       |       |    41 |   430 |  1390 ||  1861
       Pearl dragon scal |       |       |       |       |       |       |       |       |   599 ||   599
Dodge: Dodged            |    22 |    18 |    32 |   191 |   284 |   259 |   316 |   589 |  2177 ||  3888
       Repelled          |       |       |       |       |       |       |       |    15 |    12 ||    27
Block: Tower shield      |       |       |       |       |       |       |       |       |  1425 ||  1425
       Buckler           |       |       |       |       |       |       |       |       |   782 ||   782
